 Dungeon Crawl Stone Soup version 0.31-a0-202-g547052bce9 (webtiles) character file.

Game seed: 4720726408089292306

416 qw the Skirmisher (level 6, -1/35 HPs)
             Began as a Deep Elf Hunter on June 26, 2023.
             Was an Initiate of Okawaru.
             Succumbed to a scorpion's poison
             ... on level 5 of the Dungeon.
             The game lasted 00:01:16 (3470 turns).

qw the Skirmisher (Deep Elf Hunter)                 Turns: 3470, Time: 00:01:17

Health: -1/35      AC:  7    Str: 10    XL:     6   Next: 60%
Magic:  8/8        EV: 13    Int: 14    God:    Okawaru [......]
Gold:   208        SH:  0    Dex: 18    Spells: 5/5 levels left

rFire   . . .        Y - +0 shortbow
rCold   . . .        (shield currently unavailable)
rNeg    . . .        a - +2 leather armour of Tomorrow {rCorr Slay+2 SInv Stlth-}
rPois   .            d - +0 helmet
rElec   .            (no cloak)
rCorr   +            m - +0 pair of gloves
SInv    +            (no boots)
Will    .....        (no amulet)
Stlth   +            (no ring)
HPRegen 0.25/turn    (no ring)
MPRegen 0.11/turn

%: no passive effects
@: lethally poisoned (-1 -> -16)
A: no striking features
a: Renounce Religion


You were on level 5 of the Dungeon.
You worshipped Okawaru.
Okawaru was noncommittal.
You visited 2 branches of the dungeon, and saw 6 of its levels.

You collected 208 gold pieces.


   Skills:
 - Level 2.1 Fighting
 - Level 10.0 Ranged Weapons
 + Level 3.1 Dodging
 - Level 1.2 Stealth


You had 5 spell levels left.
You didn't know any spells.
Your spell library was empty.

Inventory:

Hand Weapons
 Y - a +0 shortbow (weapon)
Armour
 a - the +2 leather armour of Tomorrow (worn) {rCorr Slay+2 SInv Stlth-}
   (You found it on level 2 of the Dungeon)

   Slay:      It affects your accuracy & damage with ranged weapons and melee
   (+2).
   SInv:      It lets you see invisible.
   rCorr:     It protects you from acid and corrosion.
   Stlth:     It makes you less stealthy.
 b - the +0 troll leather armour of the Turtle {*Slow rElec Regen+ Stlth+}
   (You found it on level 2 of the Dungeon)

   rElec:     It insulates you from electricity.
   Regen:     It increases your rate of health regeneration.
   *Slow:     It may slow you when you take damage.
   Stlth:     It makes you more stealthy.
 d - a +0 helmet (worn)
 m - a +0 pair of gloves (worn)
Scrolls
 g - a scroll of teleportation {unknown}
 j - 3 scrolls of identify
Potions
 e - a potion of enlightenment
 f - a potion of resistance
 h - a potion of mutation
 i - a potion of curing {unknown}
 k - 2 potions of might

Dungeon Overview and Level Annotations

Branches:
Dungeon (5/15)             Temple (1/1) D:4

Altars:
Ashenzari
Cheibriados
Dithmenos
Elyvilon
Fedhas
Gozag
Hepliaklqana
Kikubaaqudgha
Makhleb
Okawaru
Qazlal
Trog
Uskayaw
Vehumet
Wu Jian
Yredelemnul
Zin

Shops:
D:3 (


Message History

The orc wizard hits you with a +0 dagger.
The jelly barely misses you.
You shoot an arrow.
The arrow hits the scorpion but does no damage.
The scorpion is severely wounded.
You feel sick. The scorpion barely misses you. The scorpion misses you.
The orc closely misses you.
The orc wizard hits you with a +0 dagger.
The jelly completely misses you.
You shoot an arrow. The arrow barely misses the scorpion.
You feel sick. The scorpion closely misses you. x2
The scorpion completely misses you. The orc hits you but does no damage.
The orc wizard hits you but does no damage.
The jelly closely misses you.
You shoot an arrow. The arrow barely misses the scorpion.
You feel sick. The scorpion stings you. x2
You are more poisoned.
The scorpion poisons you! The orc wizard closely misses you.
The jelly hits you but does no damage. The orc closely misses you.
The scorpion barely misses you.
You shoot an arrow.
The arrow hits the scorpion but does no damage.
The scorpion is severely wounded.
You feel very sick.
The scorpion stings you but does no damage.
The jelly closely misses you. The orc completely misses you.
The orc wizard hits you but does no damage.
The scorpion stings you.
You are more poisoned.
The scorpion poisons you!
You shoot an arrow. The arrow hits the scorpion!
You kill the scorpion!
Okawaru accepts your kill.
You feel very sick. The scorpion misses you.
The orc hits you but does no damage. The orc wizard closely misses you.
The jelly hits you but does no damage.
Your Ranged Weapons skill increases to level 10!
You shoot an arrow.
The arrow closely misses the orc wizard.
You die...

####.####......
.............>#
##............#
..............# #.
#.............# #.###
#.............######.#..
#.....soo..........[...#
#...))%@...............#
#....#J###.............#
).. #. #.............# .
## .#..(..........#
#.........[..)..#
#...............#
#.#.............#
#.#..#........#.#
#.#.......#####.#


You could see a scorpion, a jelly, an orc wizard (invisible) and an orc.

Vanquished Creatures
  A scorpion (D:5)
  A howler monkey (D:4)
  2 jellies (D:4)
  A hound (D:4)
  2 sleepcaps (D:4)
  An orc priest (D:5)
  An iguana (D:5)
  3 adders
  A worm (D:3)
  2 dart slugs
  3 orcs (D:5)
  7 ball pythons
  4 bats
  9 endoplasms
  4 giant cockroaches
  10 goblins
  12 hobgoblins
  3 jackals (D:2)
  5 kobolds
  2 quokkas (D:2)
  2 frilled lizards (D:2)
  8 rats
84 creatures vanquished.

Notes
Turn   | Place    | Note
-------+----------+-------------------------------------------
     0 | D:1      | qw the Deep Elf Hunter began the quest for the Orb.
     0 | D:1      | Reached XP level 1. HP: 12/12 MP: 3/3
     0 | D:1      | 0 ||| qw: Version: 0.3-a-22-g0ed2b0b
     0 | D:1      | 0 ||| qw: Game counter: 6271
     0 | D:1      | 0 ||| qw: Melee chars always use a shield: true
     0 | D:1      | 0 ||| qw: God list: Okawaru
     0 | D:1      | 0 ||| qw: Allow faded altars: false
     0 | D:1      | 0 ||| qw: Do Orc after clearing Dungeon:15 true
     0 | D:1      | 0 ||| qw: Do second Lair branch before Depths: true
     0 | D:1      | 0 ||| qw: Lair rune preference: random
     0 | D:1      | 0 ||| qw: Goals: Normal
     0 | D:1      | 0 ||| PLANNING D:1-11
    89 | D:1      | Reached skill level 6 in Ranged Weapons
    89 | D:1      | Reached XP level 2. HP: 16/16 MP: 4/4
   516 | D:1      | 516 ||| UPGRADING to +0 helmet.
   521 | D:1      | 521 ||| UPGRADING to +0 scale mail.
   531 | D:1      | 531 ||| DROPPING +0 leather armour.
   532 | D:1      | 532 ||| UPGRADING to +0 ring mail.
   542 | D:1      | 542 ||| DROPPING +0 scale mail.
   543 | D:1      | 543 ||| UPGRADING to +0 pair of gloves.
   548 | D:1      | 548 ||| DROPPING ring of wizardry.
   549 | D:1      | 549 ||| READING 4 scrolls labelled YCOIHE CAEMP.
   550 | D:1      | 550 ||| READING 2 scrolls labelled BUGOLEF XALOG.
   551 | D:1      | 551 ||| READING scroll labelled HUWAIR PANOMM.
   552 | D:1      | 552 ||| DRINKING 2 grey potions.
   553 | D:1      | 553 ||| DROPPING 3 scrolls of fear.
   554 | D:1      | 554 ||| DROPPING scroll of butterflies.
   615 | D:2      | Reached XP level 3. HP: 20/20 MP: 5/5
   629 | D:2      | Identified the +2 leather armour of Tomorrow {rCorr Slay+2
                  | SInv Stlth-}
   642 | D:2      | Identified the +0 troll leather armour of the Turtle {*Slow
                  | rElec Regen+ Stlth+}
  1064 | D:2      | Reached skill level 7 in Ranged Weapons
  1495 | D:2      | 1495 ||| UPGRADING to +2 leather armour of Tomorrow {rCorr
                  | Slay+2 SInv Stlth-}.
  1505 | D:2      | 1505 ||| DROPPING +0 ring mail.
  1506 | D:2      | 1506 ||| READING scroll labelled JORGHER BABESUG.
  1507 | D:2      | 1507 ||| READING 2 scrolls of identify.
  1507 | D:2      | 1507 ||| IDENTIFYING viscous white potion
  1508 | D:2      | 1508 ||| DROPPING potion of brilliance.
  1606 | D:3      | Reached XP level 4. HP: 25/25 MP: 6/6
  1688 | D:3      | 1688 ||| Stepping ~*~*~tactically~*~*~ (water).
  1750 | D:3      | Found Yzir's Weapon Emporium.
  1780 | D:3      | 1780 ||| Stepping ~*~*~tactically~*~*~ (outnumbered).
  2034 | D:3      | Found an ancient bone altar of Kikubaaqudgha.
  2038 | D:3      | Found a hide-covered altar of Uskayaw.
  2041 | D:3      | Found a glowing silver altar of Zin.
  2356 | D:3      | 2356 ||| DROPPING ring of flight.
  2357 | D:3      | 2357 ||| READING 2 scrolls of identify.
  2357 | D:3      | 2357 ||| IDENTIFYING coppery potion
  2358 | D:3      | 2358 ||| DROPPING potion of attraction.
  2429 | D:4      | Reached skill level 8 in Ranged Weapons
  2460 | D:4      | Reached XP level 5. HP: 23/29 MP: 7/7
  2526 | D:4      | HP: 7/29 [sleepcap (7)]
  2529 | D:4      | HP: 3/29 [sleepcap (3)]
  2659 | D:4      | Reached skill level 9 in Ranged Weapons
  2667 | D:4      | Reached skill level 3 in Dodging
  2723 | D:4      | Found a staircase to the Ecumenical Temple.
  2724 | D:4      | 2724 ||| PLANNING TEMPLE
  2724 | D:4      | 2724 ||| DRINKING 2 bubbling silvery potions.
  2725 | D:4      | 2725 ||| READING 2 scrolls of identify.
  2725 | D:4      | 2725 ||| IDENTIFYING fizzy grey potion
  2730 | Temple   | Entered the Ecumenical Temple
  2764 | Temple   | 2764 ||| PLANNING OKAWARU WORSHIP
  2824 | Temple   | Became a worshipper of Warmaster Okawaru
  2825 | Temple   | 2825 ||| PLANNING D:1-11
  2846 | D:4      | Reached XP level 6. HP: 35/35 MP: 8/8
  3356 | D:4      | 3356 ||| READING scroll labelled TUDUHU MEKHLA.
  3357 | D:4      | 3357 ||| READING 4 scrolls of identify.
  3357 | D:4      | 3357 ||| IDENTIFYING fizzy green potion
  3358 | D:4      | 3358 ||| READING 3 scrolls of identify.
  3358 | D:4      | 3358 ||| IDENTIFYING bubbling blue potion
  3401 | D:5      | Entered Level 5 of the Dungeon
  3402 | D:5      | 3402 ||| PLANNING SEWER
  3463 | D:5      | HP: 8/35 [scorpion (3)]
  3464 | D:5      | 3464 ||| DRINKING potion of heal wounds.
  3468 | D:5      | HP: 7/35 [scorpion (2)]
  3469 | D:5      | HP: 3/35 [poisoned by a scorpion]
  3470 | D:5      | Reached skill level 10 in Ranged Weapons
  3470 | D:5      | Succumbed to a scorpion's poison

Levels and vault maps discovered:
D:1:      erik_arrival_blinker_ship, layout_basic, minmay_misc_feat_doors,
          minmay_bisected
D:2:      minmay_inner_zag, layout_basic
D:3:      layout_basic, grunt_temple_overflow_diamond, serial_shops, shop,
          serial_bayou, serial_bayou_shore_a, serial_bayou_pond_a,
          serial_bayou_shore_b, serial_bayou_lake_a
D:4:      layout_cave_pods, temple_statues
D:5:      layout_basic, portal_sewer_entry_a, gammafunk_ghost_stat_death,
          uniq_pikel
Temple:   nicolae_temple_great_sept

Skill      XL: |  1  2  3  4  5  6 |
---------------+-------------------+-----
Ranged Weapons | 6 7 8 9 10 | 10.0
Dodging        | 3 |  3.1
Fighting       | 2 |  2.1
Stealth        | |  1.2

Action                     |  1- 3 |  4- 6 || total
---------------------------+-------+-------++-------
   Fire: Shortbow          |   112 |   128 ||   240
    Use: Scroll            |     5 |     5 ||    10
         Potion            |     1 |     2 ||     3
 Armour: Ring mail         |    14 |       ||    14
         Leather armour    |       |    21 ||    21
  Dodge: Dodged            |    18 |    48 ||    66

Table legend:
 A = Non-vault XP
 B = Vault XP
 C = Vault XP percentage of total XP
 D = Non-vault monster count
 E = Vault monster count
 F = Vault count percentage of total count
                 A         B        C        D         E       F
            +---------+---------+-------+---------+---------+-------
      Total |     580 |      15 |   2.5 |      77 |       7 |   8.3
            +---------+---------+-------+---------+---------+-------
        D:1 |      23 |       6 |  20.7 |      14 |       2 |  12.5
        D:2 |      58 |       9 |  13.4 |      26 |       5 |  16.1
        D:3 |      52 |       0 |   0.0 |      20 |       0 |   0.0
        D:4 |     275 |       0 |   0.0 |      11 |       0 |   0.0
        D:5 |     172 |       0 |   0.0 |       6 |       0 |   0.0
            +---------+---------+-------+---------+---------+-------
